 Dungeon Crawl Stone Soup version 0.17-a0-2073-gde5cdba (webtiles) character file.

151 radek the Conjurer (level 5, -1/28 HPs)
             Began as a Deep Elf Conjurer on Oct 15, 2015.
             Slain by a phantom (4 damage)
             ... on level 3 of the Dungeon.
             The game lasted 00:14:32 (3902 turns).

radek the Conjurer (Deep Elf Conjurer)              Turns: 3902, Time: 00:14:32

Health: -1/28      AC:  2    Str:  6    XL:     5   Next: 11%
Magic:  3/11       EV: 13    Int: 20    God:
Gold:   125        SH:  0    Dex: 15    Spells: 2 memorised, 4 levels left

rFire  + . .     SeeInvis .     B - +1 dagger (chaos)
rCold  . . .     Clarity  .     a - +0 robe
rNeg   . . .     SustAt   .     (no shield)
rPois  .         Gourm    .     (no helmet)
rElec  .         Spirit   .     (no cloak)
rCorr  .         Warding  .     (no gloves)
rMut   .         Stasis   .     (no boots)
MR     .....                    (no amulet)
Stlth  ++........               (no ring)
                                f - ring of protection from fire

@: not resistant to hostile enchantments, unstealthy
A: no striking features
a: no special abilities


You were on level 3 of the Dungeon.
You were not hungry.

You visited 1 branch of the dungeon, and saw 4 of its levels.

You collected 125 gold pieces.

Inventory:

Hand Weapons
 B - a +1 dagger of chaos (weapon)
Missiles
 k - 7 tomahawks of returning (quivered)
Armour
 a - a +0 robe (worn)
Magical Staves
 x - an uncursed staff of poison {unknown}
Jewellery
 f - a ring of protection from fire (left hand)
 y - an uncursed ring of protection from fire
Wands
 w - a wand of enslavement (15)
Scrolls
 d - a scroll of recharging {unknown}
 e - 6 scrolls of identify {unknown}
 g - a scroll of immolation {unknown}
 i - a scroll of fear {unknown}
 p - 3 scrolls of teleportation {unknown}
 r - a scroll of enchant weapon {unknown}
 s - 2 scrolls of remove curse {unknown}
 A - a scroll of fog {unknown}
Potions
 h - a potion of brilliance {unknown}
 j - a potion of cancellation {unknown}
 l - a potion of resistance {unknown}
 m - 4 potions of curing {unknown}
 o - 2 potions of might {unknown}
 q - a potion of poison {unknown}
 u - a potion of mutation {unknown}
 v - a potion of invisibility {unknown}
 z - a potion of heal wounds {unknown}
Books
 b - a book of Conjurations

   Spells                             Type                      Level
   a - Magic Dart                     Conjuration                  1
   b - Searing Ray                    Conjuration                  2
   c - Dazzling Spray                 Conjuration/Hexes            3
   d - Fulminant Prism                Conjuration/Hexes            4
   e - Iskenderun's Mystic Blast      Conjuration                  4
   f - Iskenderun's Battlesphere      Conjuration/Charms           5
Comestibles
 c - 4 bread rations
 n - 2 beef jerkies


   Skills:
 - Level 2.4 Dodging
 - Level 2.4 Stealth
 - Level 3.0 Spellcasting
 - Level 6.9 Conjurations
 * Level 1.3 Charms


You had 4 spell levels left.
You knew the following spells:

 Your Spells              Type           Power        Failure   Level  Hunger
a - Magic Dart            Conj           ####         1%          1    None
b - Iskenderun's Battles  Conj/Chrm      ###.....     82%         5    ######.


Dungeon Overview and Level Annotations

Branches:
Dungeon (4/15)
 Temple: D:4-7

Altars:
Trog
Xom


Message History

The phantom is severely damaged.
The phantom barely misses you.
Casting: Magic Dart
Confirm with . or Enter, or press ? or * to list all spells.
Aiming: Magic Dart
Press: ? - help, Shift-Dir - straight line, f/p - phantom
Aim: a phantom (severely damaged)
The magic dart hits the phantom.
The phantom is severely damaged.
The phantom hits you!
* * * LOW HITPOINT WARNING * * *
Casting: Magic Dart
Confirm with . or Enter, or press ? or * to list all spells.
Aiming: Magic Dart
Press: ? - help, Shift-Dir - straight line, f/p - phantom
Aim: a phantom (severely damaged)
The magic dart hits the phantom.
The phantom is almost destroyed.
The phantom hits you.
You die...

#.....#######.# #.###.#
#.# #.# #.# #.# #.# #.#
#.# #.# #.# #.# #.# #.#
#.# #.# #.# #.#####
######.###.#######...)..
#....#.@.#.........#####
#.#.####W########### #
#.#..<...# #...# #
#.#..#######.#.# ###
#...>#.........# ##≈≈
#.#####.####.### #^≈#
#.#####÷#..#.# ####.≈⌠
#.......#....# #..##..
#########.########.###..


You could see a phantom.

Vanquished Creatures
  Robin (D:2)
  3 adders
  2 gnolls
  3 worms (D:3)
  3 orcs
  A ball python (D:3)
  7 bats
  2 giant cockroaches
  18 goblins
  10 hobgoblins
  7 jackals
  2 quokkas
  3 giant geckos (D:3)
  6 giant newts
  4 kobolds
  A quokka skeleton (D:4)
  6 rats
79 creatures vanquished.

Notes
Turn   | Place    | Note
--------------------------------------------------------------
     0 | D:1      | radek the Deep Elf Conjurer began the quest for the Orb.
     0 | D:1      | Reached XP level 1. HP: 10/10 MP: 6/6
    94 | D:1      | Reached skill level 5 in Conjurations
    94 | D:1      | Reached XP level 2. HP: 15/15 MP: 1/8
   513 | D:1      | Reached XP level 3. HP: 19/19 MP: 7/9
  1007 | D:2      | Noticed Robin
  1490 | D:2      | Killed Robin
  1490 | D:2      | Reached skill level 6 in Conjurations
  1495 | D:2      | Reached XP level 4. HP: 20/24 MP: 0/10
  3391 | D:3      | Found a bloodstained altar of Trog.
  3549 | D:3      | Reached XP level 5. HP: 28/28 MP: 3/11
  3552 | D:3      | Found a shimmering altar of Xom.
  3618 | D:3      | Learned a level 5 spell: Iskenderun's Battlesphere
  3689 | D:4      | Reached skill level 1 in Charms
  3882 | D:4      | Noticed a phantom
  3902 | D:3      | Slain by a phantom

Vault maps used:
D:1:      dpeg_arrival_line_fractal, minmay_misc_feat_doors, moated_statue
D:2:      uniq_robin
D:3:      lemuel_round_altar, tgw_xom
D:4:      nicolae_overflow_hidden_temple, lightli_ossuary_entry_decrepit_ruins

Action                   |  1- 3 |  4- 6 || total
-------------------------+-------+-------++-------
Melee: Unarmed           |     8 |       ||     8
 Cast: Magic Dart        |    66 |   110 ||   176
  Eat: Chunk             |     1 |     3 ||     4
       Meat ration       |       |     1 ||     1
